 Dungeon Crawl Stone Soup version 0.23.2-30-g0e89c35649 (webtiles) character file.

Game seed: 318871260974696963

231 EcosseEcosse the Covered (level 5, -6/47 HPs)
             Began as a Minotaur Fighter on June 23, 2019.
             Mangled by Crazy Yiuf
             ... wielding a +3 quarterstaff of chaos
              (10 damage)
             ... on level 2 of the Dungeon.
             The game lasted 00:08:20 (1937 turns).

EcosseEcosse the Covered (Minotaur Fighter)         Turns: 1937, Time: 00:08:21

Health: -6/47      AC:  0    Str: 20    XL:     5   Next: 73%
Magic:  0/4        EV: 13    Int:  5    God:
Gold:   139        SH:  0    Dex: 11    Spells: 4/4 levels left

rFire    . . .     SeeInvis .   (weapon currently unavailable)
rCold    . . .     Gourm    .   (shield currently unavailable)
rNeg     . . .     Faith    .   (armour currently unavailable)
rPois    .         Spirit   .   (helmet currently unavailable)
rElec    .         Reflect  .   (cloak currently unavailable)
rCorr    .         Harm     .   (gloves currently unavailable)
MR       .....                  (boots currently unavailable)
Stlth    +.........             (no amulet)
HPRegen  0.15/turn              (ring currently unavailable)
MPRegen  0.09/turn              (ring currently unavailable)

@: lethally poisoned (-6 -> -17), pig-form, lightly drained, very quick
A: small, (retaliatory headbutt)
a: no special abilities


You were on level 2 of the Dungeon.
You were hungry.
You were a filthy swine.
You visited 1 branch of the dungeon, and saw 2 of its levels.

You collected 139 gold pieces.

Inventory:

Hand Weapons
 a - a +0 war axe (melded)
 n - a +1 dagger of venom
Armour
 b - a +0 scale mail (melded)
 c - a +0 shield (melded)
 o - a +2 cloak
Jewellery
 j - a +4 ring of intelligence {unknown}
Scrolls
 g - a scroll of amnesia {unknown}
 h - a scroll of remove curse {unknown}
 k - a scroll of identify {unknown}
 q - a scroll of teleportation {unknown}
 r - a scroll of magic mapping {unknown}
 s - a scroll of enchant armour {unknown}
Potions
 d - a potion of might
 e - 3 potions of degeneration {unknown}
 i - a potion of brilliance {unknown}
 l - a potion of cancellation {unknown}
 m - a potion of magic {unknown}
 p - a potion of heal wounds {unknown}
Comestibles
 f - 2 rations


   Skills:
 + Level 4.5(4.2) Fighting
 + Level 4.4(4.1) Axes
 + Level 5.1(4.8) Armour
 + Level 1.2(0.9) Dodging
 + Level 0.1(0.0) Stealth
 + Level 4.7(4.4) Shields


You had 4 spell levels left.
You didn't know any spells.
Your spell library was empty.

Dungeon Overview and Level Annotations

Branches:
Dungeon (2/15)

Altars:
Cheibriados
Nemelex Xobeh
Ru

Annotations:
D:2 Crazy Yiuf


Innate Abilities, Weirdness & Mutations

((You reflexively headbutt those who attack you in melee.))
((You have a pair of horns on your head.))


Message History

Crazy Yiuf is moderately wounded.
Crazy Yiuf misses you.
You hit Crazy Yiuf.
Crazy Yiuf is moderately wounded.
Crazy Yiuf hits you with a +3 quarterstaff of chaos!
You feel drained.
You barely miss Crazy Yiuf.
Crazy Yiuf is moderately wounded.
Crazy Yiuf hits you with a +3 quarterstaff of chaos!
* * * LOW HITPOINT WARNING * * *
You feel your power leaking away.
Crazy Yiuf hits you with a +3 quarterstaff of chaos!
* * * LOW HITPOINT WARNING * * *
You are lethally poisoned!
You hit Crazy Yiuf but do no damage.
Crazy Yiuf is moderately wounded.
* * * LOW HITPOINT WARNING * * *
You feel sick.
Crazy Yiuf hits you with a +3 quarterstaff of chaos!
You die...

.......#
#.#(....#.##.##
######.#
#.##...##.##..##
#.#
#.###.###.##...#
#.# ### ###
######.# #.# #.#
######.# #.##
.......# ####
♣♣##..# #......##
#)..#♣♣ ♣♣..#..#
...⌠....#
#..gh.♣♣♣♣......#
........#
#...#♣..♣......##
......#.### ####
♣♣♣.♣.).###
<###...#..#
♣♣♣♣♣##
.###.##.###
......#.# ####
### .###..#.#
#..# #.# .#
#..#.#### #..#
#.# )# #..#....#
#..# #.#


You could see Crazy Yiuf.

Vanquished Creatures
  A crimson imp (D:2)
  An orc wizard (D:2)
  Natasha (thrice) (D:2)
  Robin (D:2)
  2 adders (D:2)
  An adder skeleton (D:2)
  A worm (D:2)
  2 dart slugs
  3 leopard geckos
  3 giant cockroaches (D:2)
  11 goblins
  8 hobgoblins (D:2)
  3 quokkas (D:2)
  8 bats
  4 frilled lizards (D:2)
  2 kobolds (D:1)
  7 rats
61 creatures vanquished.

Notes
Turn   | Place    | Note
-------+----------+-------------------------------------------
     0 | D:1      | EcosseEcosse the Minotaur Fighter began the quest for the
                  | Orb.
     0 | D:1      | Reached XP level 1. HP: 19/19 MP: 0/0
   123 | D:1      | Reached XP level 2. HP: 25/27 MP: 1/1
   365 | D:1      | Reached skill level 4 in Armour
   759 | D:2      | Reached XP level 3. HP: 29/33 MP: 2/2
   765 | D:2      | Noticed Natasha
   773 | D:2      | Killed Natasha
   793 | D:2      | Noticed Robin
   805 | D:2      | Killed Robin
   805 | D:2      | Reached XP level 4. HP: 20/40 MP: 3/3
   857 | D:2      | Found a sacrificial altar of Ru.
  1059 | D:2      | Noticed Natasha
  1063 | D:2      | Killed Natasha
  1063 | D:2      | Reached skill level 1 in Dodging
  1063 | D:2      | Reached XP level 5. HP: 30/47 MP: 4/4
  1171 | D:2      | Found a sparkling altar of Nemelex Xobeh.
  1280 | D:2      | Found a snail-covered altar of Cheibriados.
  1286 | D:2      | Noticed Natasha
  1334 | D:2      | Killed Natasha
  1334 | D:2      | Reached skill level 5 in Armour
  1719 | D:2      | Found a runed translucent door.
  1720 | D:2      | Noticed Crazy Yiuf
  1937 | D:2      | Mangled by Crazy Yiuf

Skill      XL: |  1  2  3  4  5 |
---------------+----------------+-----
Fighting       | 4 |  4.5
Armour         | 4 5 |  5.1
Shields        | 4 |  4.7
Axes           | 3 4 |  4.4
Dodging        | 1 |  1.2
Stealth        | |  0.1

Action                   |  1- 3 |  4- 6 || total
-------------------------+-------+-------++-------
Melee: War axe           |    75 |    97 ||   172
       Headbutt          |    13 |     9 ||    22
       Unarmed           |       |     7 ||     7
 Stab: Paralysed         |       |     1 ||     1
  Eat: Chunk             |       |     3 ||     3
Armor: Scale mail        |    46 |    34 ||    80
Dodge: Dodged            |    23 |    40 ||    63
Block: Shield            |    44 |    47 ||    91
